 Dungeon Crawl Stone Soup version 0.27.1-34-g3ba077fa99 (webtiles) character file.

Game seed: 4572281700721523458

74 alasdair19 the Covered (level 4, -6/40 HPs)
             Began as a Minotaur Fighter on Feb 5, 2022.
             Mangled by a gnoll (9 damage)
             ... on level 2 of the Dungeon.
             The game lasted 00:02:27 (1680 turns).

alasdair19 the Covered (Minotaur Fighter)           Turns: 1680, Time: 00:02:27

Health: -6/40      AC:  9    Str: 20    XL:     4   Next: 10%
Magic:  3/3        EV:  3    Int:  6    God:
Gold:   42         SH:  0    Dex: 10    Spells: 3/3 levels left

rFire    . . .     SeeInvis .   e - +0 long sword
rCold    . . .     Faith    .   c - +0 kite shield
rNeg     . . .     Spirit   .   a - +0 chain mail
rPois    .         Reflect  .   (helmet restricted)
rElec    .         Harm     .   (no cloak)
rCorr    .         Rampage  .   (no gloves)
Will     .....                  (no boots)
Stlth    ..........             (no amulet)
HPRegen  0.13/turn              (no ring)
MPRegen  0.08/turn              (no ring)

@: mighty, held
A: horns 2, retaliatory headbutt
a: no special abilities


You were on level 2 of the Dungeon.
You visited 1 branch of the dungeon, and saw 2 of its levels.

You collected 42 gold pieces.

Inventory:

Hand Weapons
 e - a +0 long sword (weapon)
 q - a +0 hunting sling
Missiles
 h - 19 sling bullets
 o - a throwing net (quivered)
Armour
 a - a +0 chain mail (worn)
 b - a +0 scale mail
 c - a +0 kite shield (worn)
Scrolls
 g - 2 scrolls of silence {unknown}
 i - a scroll of magic mapping {unknown}
 j - 2 scrolls of enchant weapon {unknown}
 k - a scroll of teleportation {unknown}
 l - a scroll of identify {unknown}
 m - a scroll of enchant armour {unknown}
Potions
 f - a potion of attraction {unknown}
 n - 2 potions of flight {unknown}
 p - a potion of curing {unknown}
 r - a potion of ambrosia {unknown}


   Skills:
 + Level 4.2 Fighting
 + Level 3.6 Long Blades
 + Level 4.3 Armour
 + Level 4.2 Shields


You had 3 spell levels left.
You didn't know any spells.
Your spell library contained the following spells:

 Spells                   Type           Power      Damage    Failure   Level
 Slow                     Hex            0%         N/A       100%        2
 Confusing Touch          Hex            0%         N/A       100%        3
 Yara's Violent Unravell  Hex/Tmut       0%         3d3       100%        5


Dungeon Overview and Level Annotations

Branches:
Dungeon (2/15)

Altars:


Innate Abilities, Weirdness & Mutations

You have a pair of horns on your head.
You reflexively headbutt those who attack you in melee.


Message History

You hear a shout!
A gnoll comes into view. It is wielding a +0 club.
The gnoll shouts!
You hit the gnoll but do no damage.
You hear a shout!
A gnoll comes into view. It is wielding a +0 spear.
You barely miss the gnoll. You block the gnoll's attack.
The gnoll hits you with a +0 club.
You hit the gnoll but do no damage. You block the gnoll's attack. x2
You hit the gnoll. You headbutt the gnoll!
You kill the gnoll!
A gnoll comes into view. It is wielding a +4 spear.
The gnoll hits you with a +0 club. The gnoll hits you but does no damage.
The gnoll barely misses you. The gnoll hits you but does no damage.
You closely miss the gnoll. The gnoll closely misses you.
The gnoll hits you with a +4 spear! You block the gnoll's attack.
The gnoll hits you but does no damage. You block the gnoll's attack.
You feel very mighty all of a sudden. You block the gnoll's attack.
You slash the gnoll!
You kill the gnoll!
The gnoll hits you from afar with a +4 spear!
* * * LOW HITPOINT WARNING * * *
The gnoll hits you from afar with a +4 spear.
* * * LOW HITPOINT WARNING * * *
You have reached level 4!
You feel agile.
The gnoll throws a throwing net.
The throwing net hits you.
You become entangled in the net!
You see here a throwing net.
You struggle against the net.
The gnoll hits you from afar with a +4 spear.
* * * LOW HITPOINT WARNING * * *
You struggle against the net.
The gnoll hits you from afar with a +4 spear.
* * * LOW HITPOINT WARNING * * *
You struggle against the net.
The gnoll hits you from afar with a +4 spear!
You die...

#)# #.#.### #.#
#.#.... #g# #.#....
#.# #.#.### #.#
#.#.### ########.#
#.#.#.. #........#
#.#.#.#
#############........#
#.#.#.#
#...........'†@.g....#
#.#.#.#
#.###########...g....#
#.# #.. #.# #........#
#.# ### #.# ##.......#
#.#.# # #.# #.##.##.#
#.#.# # #.# #.##.####
#.#.### #.# ##'##.#
#.#.... #.# #...#.#
#.#.... #.# #...#.#
#.#..##


You could see 2 gnolls.

Vanquished Creatures
  2 gnolls (D:2)
  A worm (D:2)
  2 dart slugs (D:2)
  2 ball pythons (D:1)
  2 bats (D:2)
  3 endoplasms (D:1)
  A giant cockroach (D:2)
  9 goblins
  3 hobgoblins
  3 jackals (D:1)
  4 quokkas
  A frilled lizard (D:2)
  6 kobolds
  4 rats
43 creatures vanquished.

Notes
Turn   | Place    | Note
-------+----------+-------------------------------------------
     0 | D:1      | alasdair19 the Minotaur Fighter began the quest for the
                  | Orb.
     0 | D:1      | Reached XP level 1. HP: 19/19 MP: 0/0
   164 | D:1      | Found a faded altar of an unknown god.
   176 | D:1      | Reached XP level 2. HP: 20/27 MP: 1/1
   865 | D:2      | Reached XP level 3. HP: 33/33 MP: 2/2
  1668 | D:2      | Reached XP level 4. HP: 8/40 MP: 3/3
  1680 | D:2      | Mangled by a gnoll

Illustrated notes

Levels and vault maps discovered:
D:1:      saegor_arrival_simple_e, layout_basic,
          hellmonk_ecumenical_altar_dog_temple, interstate_on_off,
          minmay_misc_feat_chi, amethyst_killhole, hangedman_decor_growths
D:2:      layout_basic

Skill      XL: |  1  2  3 |
---------------+----------+-----
Armour         | 4 |  4.3
Fighting       | 4 |  4.2
Long Blades    | 3 |  3.6
Shields        | 4 |  4.2

Action                   |  1- 3 |  4- 6 || total
-------------------------+-------+-------++-------
Melee: Long sword        |   103 |       ||   103
       Headbutt          |    13 |       ||    13
 Fire: Hunting sling     |     2 |       ||     2
  Use: Potion            |     1 |       ||     1
Armor: Chain mail        |    45 |       ||    45
       Scale mail        |     1 |       ||     1
Dodge: Dodged            |    21 |       ||    21
Block: Kite shield       |    52 |       ||    52
       Rpst.: Long sword |     4 |       ||     4
